 Dungeon Crawl Stone Soup version 0.22-a0-307-g2b15929 (webtiles) character file.

2262 Borgoz the Cleaver (level 9, -7/81 HPs)
             Began as a Hill Orc Berserker on Apr 1, 2018.
             Was a Priest of Trog.
             Killed from afar by an electric eel (8 damage)
             ... with a bolt of electricity
             ... on level 7 of the Dungeon.
             The game lasted 00:08:56 (5670 turns).

Borgoz the Cleaver (Hill Orc Berserker)             Turns: 5670, Time: 00:08:57

Health: -7/81      AC: 10    Str: 20      XL:     9   Next: 38%
Magic:  9/9        EV: 10    Int:  7      God:    Trog [***...]
Gold:   355        SH:  0    Dex: 12 (13) Spells: 8/8 levels left

rFire    . . .     SeeInvis .   a - +3 hand axe (chop)
rCold    . . .     Gourm    .   (no shield)
rNeg     + . .     Faith    .   n - +0 chain mail
rPois    .         Spirit   .   (no helmet)
rElec    .         Reflect  .   (no cloak)
rCorr    .         Harm     .   (no gloves)
MR       .....                  (no boots)
Stlth    ..........             (no amulet)
HPRegen  0.23/turn              l - +6 ring of slaying
MPRegen  0.11/turn              E - ring of positive energy

@: no status effects
A: no striking features
a: Berserk, Trog's Hand, Renounce Religion


You were on level 7 of the Dungeon.
You worshipped Trog.
Trog was most pleased with you.
You were not hungry.

You visited 1 branch of the dungeon, and saw 7 of its levels.

You collected 355 gold pieces.

Inventory:

Hand Weapons
 a - a +3 hand axe of chopping (weapon)
 b - a +2 whip of electrocution
Armour
 n - a +0 chain mail (worn)
Jewellery
 l - a +6 ring of slaying (left hand)
 E - a ring of positive energy (right hand)
 F - an uncursed ring of flight
Wands
 i - a wand of paralysis (26)
 p - a wand of random effects (42)
 C - a wand of polymorph (6)
Scrolls
 f - 2 scrolls of fog {unknown}
 j - 4 scrolls of amnesia
 k - 2 scrolls of teleportation
 r - 3 scrolls of enchant weapon {unknown}
 s - a scroll of fear {unknown}
 t - 3 scrolls of remove curse
 u - a scroll of magic mapping {unknown}
 x - a scroll of enchant armour {unknown}
 y - a scroll of blinking {unknown}
 A - 2 scrolls of immolation {unknown}
 D - 2 scrolls of identify
Potions
 d - 4 potions of curing
 e - a potion of magic
 g - 2 potions of lignification
 h - a potion of brilliance
 m - 2 potions of haste
 o - a potion of degeneration
 q - a potion of flight
 v - 4 potions of agility
 w - 3 potions of might
 B - a potion of heal wounds {unknown}
Comestibles
 c - 10 rations
 z - 3 chunks of flesh


   Skills:
 + Level 8.2 Fighting
 + Level 8.9 Axes
 + Level 7.0 Armour
 + Level 5.3 Dodging


You had 8 spell levels left.
You didn't know any spells.

Dungeon Overview and Level Annotations

Branches:
Dungeon (7/15)
 Temple: D:4-7

Altars:
Ashenzari
Elyvilon
Fedhas
Kikubaaqudgha
Makhleb
Qazlal
Ru
Sif Muna
Trog
Uskayaw
Wu Jian
Xom
Zin


Message History

The electric eel shoots out a bolt of lightning at you!
The bolt of electricity hits the electric eel.
The electric eel completely resists.
The bolt of electricity hits you! x2
The electric eel shoots out a bolt of lightning at you!
The bolt of electricity hits you!
* * * LOW HITPOINT WARNING * * *
The bolt of electricity hits you!
* * * LOW HITPOINT WARNING * * *
The bolt of electricity hits the electric eel.
The electric eel completely resists.
The electric eel shoots out a bolt of lightning at you!
The bolt of electricity misses you. The bolt of electricity hits you!
* * * LOW HITPOINT WARNING * * *
The bolt of electricity hits the electric eel.
The electric eel completely resists.
There is a stone staircase leading up here.
The electric eel shoots out a bolt of lightning at you!
The bolt of electricity hits the electric eel.
The electric eel completely resists.
The bolt of electricity hits you!
You die...

#### ..# ##.##
#.@.# #.#.#
#;;.w≈w....#
#.w≈##≈≈≈....#
#≈≈≈≈
≈≈≈≈≈≈....
#≈≈≈≈
≈$.≈≈≈≈#..#
.≈≈#≈≈$.♣≈≈≈##
#.
≈#≈#≈≈≈..≈≈≈≈
≈ ≈≈≈≈.≈≈≈≈≈≈


You could see 2 electric eels and 2 dart slugs.

Vanquished Creatures
  A two-headed ogre (D:6)
  Sigmund (D:2)
  A slave (D:6)
  The ghost of Borgoz the Chopper, an amateur HOBe of Trog (D:3)
  4 ogres
  2 bullfrogs
  A scorpion (D:5)
  A crimson imp (D:5)
  A howler monkey (D:4)
  A quasit (D:6)
  A hound (D:5)
  2 orc priests
  A centaur skeleton (D:4)
  Jessica (D:2)
  5 iguanas
  Natasha (thrice) (D:2)
  3 orc wizards
  4 worker ants
  3 gnolls (D:5)
  8 adders
  2 shadow imps
  An ooze (D:3)
  2 adder skeletons (D:5)
  2 adder zombies (D:5)
  3 worms
  A dart slug (D:7)
  9 leopard geckos
  19 orcs
  3 ball pythons
  3 giant cockroaches
  6 goblins
  2 hobgoblins
  5 jackals
  3 quokkas
  9 bats
  2 frilled lizards
  4 kobolds
  5 rats
126 creatures vanquished.

Vanquished Creatures (others)
  2 dart slugs (D:7)
2 creatures vanquished.

Grand Total: 128 creatures vanquished

Notes
Turn   | Place    | Note
-------+----------+-------------------------------------------
     0 | D:1      | Borgoz the Hill Orc Berserker began the quest for the Orb.
     0 | D:1      | Reached XP level 1. HP: 19/19 MP: 1/1
   277 | D:1      | Reached XP level 2. HP: 25/27 MP: 2/2
   754 | D:2      | Found a faded altar of an unknown god.
   813 | D:2      | Reached XP level 3. HP: 16/33 MP: 3/3
  1109 | D:2      | Noticed Sigmund
  1120 | D:2      | Killed Sigmund
  1120 | D:2      | Reached skill level 5 in Axes
  1120 | D:2      | Reached XP level 4. HP: 35/41 MP: 4/4
  1120 | D:2      | Reached XP level 5. HP: 40/47 MP: 5/5
  1449 | D:2      | Noticed Jessica
  1454 | D:2      | Killed Jessica
  1454 | D:2      | Reached ** piety under Trog
  1454 | D:2      | Reached skill level 5 in Fighting
  1454 | D:2      | Reached XP level 6. HP: 52/56 MP: 6/6
  1456 | D:2      | Noticed Natasha
  1459 | D:2      | Killed Natasha
  1481 | D:2      | Noticed Natasha
  1499 | D:2      | Killed Natasha
  1804 | D:2      | Noticed Natasha
  1807 | D:2      | Killed Natasha
  1891 | D:3      | Noticed Borgoz's ghost (amateur HOBe)
  1904 | D:3      | Killed Borgoz's ghost
  2011 | D:3      | Reached XP level 7. HP: 47/61 MP: 7/7
  2297 | D:3      | Found a blossoming altar of Fedhas.
  2479 | D:3      | Found a hide-covered altar of Uskayaw.
  2482 | D:3      | Found an ancient bone altar of Kikubaaqudgha.
  2616 | D:4      | Reached *** piety under Trog
  3074 | D:4      | Reached skill level 5 in Armour
  3535 | D:4      | Reached XP level 8. HP: 71/71 MP: 8/8
  3704 | D:5      | Entered Level 5 of the Dungeon
  3958 | D:5      | Found a shattered altar of Ashenzari.
  4037 | D:5      | Found a shimmering altar of Xom.
  4306 | D:5      | Found a sacrificial altar of Ru.
  4589 | D:6      | Noticed a two-headed ogre
  4596 | D:6      | Killed a two-headed ogre
  4596 | D:6      | Reached skill level 5 in Dodging
  4596 | D:6      | Reached XP level 9. HP: 48/81 MP: 9/9
  4827 | D:6      | Found a bloodstained altar of Trog.
  4827 | D:6      | Found a burning altar of Makhleb.
  4829 | D:6      | Found a white marble altar of Elyvilon.
  4830 | D:6      | Found an ornate altar of the Wu Jian Council.
  4830 | D:6      | Found a glowing silver altar of Zin.
  4830 | D:6      | Found a deep blue altar of Sif Muna.
  4830 | D:6      | Found a stormy altar of Qazlal.
  5159 | D:6      | Reached **** piety under Trog
  5669 | D:7      | HP: 1/81 [electric eel/bolt of electricity (15)]
  5670 | D:7      | Killed from afar by an electric eel

Vault maps used:
D:1:      lemuel_arrival_rhombus
D:2:      first_ration, chequers_ecumenical_altar_lobes, uniq_natasha,
          uniq_jessica, uniq_sigmund
D:3:      old_standard_altar, minitemple, kennysheep_generic_room_13
D:4:      wad_river_or_something, patterned_corridor
D:5:      kennysheep_mini_moat, cheibrodos_ashenzari_chains, basic_altar,
          minmay_misc_feat_rows
D:6:      grunt_temple_overflow_open, serial_curves, eino_curves_03,
          eino_curves_01, serial_bayou_lagoon_a
D:7:      kennysheep_slugbush, minmay_temple_entry_crystal_x, serial_shops,
          nicolae_shop_statue_plus, uniq_pikel

Skill      XL: |  1  2  3  4  5  6  7  8  9 |
---------------+----------------------------+-----
Fighting       | 4 5 6 8 |  8.2
Dodging        | 2 3 5 |  5.3
Axes           | 5 6 8 |  8.9
Armour         | 3 4 5 6 7 |  7.0

Action                   |  1- 3 |  4- 6 |  7- 9 || total
-------------------------+-------+-------+-------++-------
Melee: Hand axe          |    43 |    46 |   198 ||   287
       Whip              |    33 |       |       ||    33
Invok: Berserk           |     1 |     1 |     2 ||     4
  Use: Scroll            |       |       |    13 ||    13
  Eat: Ration            |     1 |       |     1 ||     2
       Chunk             |       |     2 |    10 ||    12
Armor: Animal skin       |    16 |       |       ||    16
       Chain mail        |     1 |    17 |    77 ||    95
Dodge: Dodged            |    44 |    20 |    83 ||   147

Table legend:
 A = Spawn XP
 B = Non-spawn XP
 C = Spawn XP percentage of total XP
 D = Spawn monster count
 E = Non-spawn monster count
 F = Spawn count percentage of total count
 G = Total turns spent on level
                    A         B        C        D         E        F      G
               +---------+---------+-------+---------+---------+-------+---------
         Total |       0 |    3232 |   0.0 |       0 |     126 |   0.0 |  5670
               +---------+---------+-------+---------+---------+-------+---------
           D:1 |       0 |      19 |   0.0 |       0 |      14 |   0.0 |   586
           D:2 |       0 |     414 |   0.0 |       0 |      14 |   0.0 |  1237
           D:3 |       0 |     301 |   0.0 |       0 |      26 |   0.0 |   769
           D:4 |       0 |     598 |   0.0 |       0 |      26 |   0.0 |  1112
           D:5 |       0 |     647 |   0.0 |       0 |      30 |   0.0 |   774
           D:6 |       0 |    1157 |   0.0 |       0 |      13 |   0.0 |  1175
           D:7 |       0 |      96 |   0.0 |       0 |       3 |   0.0 |    17
               +---------+---------+-------+---------+---------+-------+---------
